 Dungeon Crawl Stone Soup version 0.29-a0-517-gbdf32494f2 (webtiles) character file.

Game seed: 8473035021480923819

9 NateTC the Sneak (level 2, 0/13 HPs)
             Began as a Spriggan Enchanter on May 30, 2022.
             Slain by a bat (1 damage)
             ... on level 1 of the Dungeon.
             The game lasted 00:01:26 (198 turns).

NateTC the Sneak (Spriggan Enchanter)                Turns: 198, Time: 00:01:27

Health: 0/13       AC:  2    Str:  4    XL:     2   Next: 6%
Magic:  6/6        EV: 17    Int: 16    God:
Gold:   14         SH:  0    Dex: 15    Spells: 6/6 levels left

rFire   . . .      SeeInvis +   a - +1 dagger
rCold   . . .      Faith    .   (no shield)
rNeg    . . .      Spirit   .   b - +0 robe
rPois   .          Reflect  .   (helmet restricted)
rElec   .          Harm     .   (no cloak)
rCorr   .          Rampage  .   (gloves unavailable)
Will    .....                   (boots unavailable)
Stlth   +++.......              (no amulet)
HPRegen 0.04/turn               (no ring)
MPRegen 0.10/turn               (no ring)

@: very quick
A: very small, no large weapons, unfitting armour, see invisible, speed 3
a: no special abilities


You were on level 1 of the Dungeon.
You visited 1 branch of the dungeon, and saw 1 of its levels.

You collected 14 gold pieces.

Inventory:

Hand Weapons
 a - a +1 dagger (weapon)
Armour
 b - a +0 robe (worn)
Potions
 c - 2 potions of invisibility
 d - a potion of curing {unknown}


   Skills:
 * Level 1.8 Short Blades
 - Level 2.6 Dodging
 * Level 5.0 Stealth
 - Level 2.6 Spellcasting
 - Level 3.6 Hexes


You had 6 spell levels left.
You didn't know any spells.
Your spell library contained the following spells:

 Spells                   Type           Power      Damage    Failure   Level
 Confusing Touch          Hex            13%        N/A       13%         3
 Tukima's Dance           Hex            13%        N/A       13%         3
 Ensorcelled Hibernation  Hex/Ice        14%        N/A       14%         2
 Dazzling Flash           Conj/Hex       14%        N/A       28%         3


Dungeon Overview and Level Annotations

Branches:
Dungeon (1/15)

Altars:


Innate Abilities, Weirdness & Mutations

You are very small and have problems with some larger weapons.
You are too small for most types of armour.
You have supernaturally acute eyesight. (SInv)
You cover ground extremely quickly. (Speed+++)


Message History

The ball python closely misses you. The ball python grabs you.
The ball python constricts you.
You escape the ball python's grasp.
The bat closely misses you. The bat hits you.
* * * LOW HITPOINT WARNING * * *
The goblin completely misses you.
An endoplasm comes into view.
A quokka comes into view.
Found a yellow potion.
The bat closely misses you.
A rat comes into view.
A hobgoblin comes into view.
The bat barely misses you. The bat attacks as you move away!
The bat completely misses you.
The endoplasm quivers.
The bat misses you.
The hobgoblin shouts!
You hear a shout!
The endoplasm misses you. The bat closely misses you.
A frilled lizard comes into view.
The bat hits you.
* * * LOW HITPOINT WARNING * * *
The bat barely misses you.
The rat twitches its whiskers.
The bat attacks as you move away! The bat closely misses you.
The bat attacks as you move away! The bat closely misses you.
The bat barely misses you. The bat barely misses you.
You hit the rat.
You kill the rat!
The bat barely misses you. The goblin closely misses you.
The goblin hits you with a +0 club.
* * * LOW HITPOINT WARNING * * *
The bat attacks as you move away! The bat misses you.
The bat hits you but does no damage. The bat attacks as you move away!
The bat barely misses you. The bat misses you. The bat barely misses you.
The bat attacks as you move away! The bat barely misses you. The bat hits you.
You die...

###. #.###.# #..#S....#.^# #..
#.....# #..#.###.#.l###
....####..### #...g# #.#.....
#.....##.## #...## #.g.....
#...#.#..# ##...## #S......
#.#.#....# #.g...# #..Jr...
#...#....########.###.# #..gg...
#...........##..b.###.###.......
#..............@.......#g.......
#....S#.........................
#.....##........................
#####.##........................
#.##................#.......
#.##................#.......
######.##....[......w....#.......
.........>.......................
......S..>..............###......


You could see a dart slug (wandering), a hobgoblin, a goblin and a bat.

Vanquished Creatures
  A dart slug (D:1)
  3 endoplasms (D:1)
  A ball python (D:1)
  A bat (D:1)
  A goblin (D:1)
  A rat (D:1)
8 creatures vanquished.

Notes
Turn   | Place    | Note
-------+----------+-------------------------------------------
     0 | D:1      | NateTC the Spriggan Enchanter began the quest for the Orb.
     0 | D:1      | Reached XP level 1. HP: 9/9 MP: 5/5
   140 | D:1      | Reached XP level 2. HP: 3/13 MP: 6/6
   159 | D:1      | Reached skill level 5 in Stealth
   198 | D:1      | Slain by a bat

Illustrated notes

Levels and vault maps discovered:
D:1:      pf_arrival_petrified_forest, layout_rooms

Skill      XL: |  1  2 |
---------------+-------+-----
Stealth        | 5 |  5.0
Short Blades   | |  1.8
Dodging        | |  2.6
Spellcasting   | |  2.6
Hexes          | |  3.6

Action                   || total
-------------------------++-------
Melee: Dagger            ||    19
 Stab: Sleeping          ||     4
Armor: Robe              ||     1
Dodge: Dodged            ||    32

Table legend: (Time is in decaauts)
 A = Elapsed time spent in this place.
 B = Non-inter-level travel time spent in this place.
 C = Inter-level travel time spent in this place.
 D = Time resting spent in this place.
 E = Time spent auto-exploring this place.
 F = Levels seen in this place.
 G = Mean time per level.
                   A        B        C        D        E       F      G
               +--------+--------+--------+--------+--------+-----+--------+
         Total |    125 |    125 |      0 |      0 |      4 |   1 |  125.0 |
       Dungeon |    125 |    125 |      0 |      0 |      4 |   1 |  125.0 |
               +--------+--------+--------+--------+--------+-----+--------+

Top non-repeatable levels by time:
     D:1: 125 daAuts
